 Dungeon Crawl Stone Soup version 0.26-b1-32-g5d43845318 (webtiles) character file.

Game seed: 12535897065844315847

581 Borgoz the Cutter (level 7, -1/50 HPs)
             Began as a Halfling Gladiator on Jan 9, 2021.
             Killed from afar by a bog mummy (2 damage)
             ... with a puff of frost
             ... in an ossuary on Jan 10, 2021.
             The game lasted 00:06:37 (3145 turns).

Borgoz the Cutter (Halfling Gladiator)              Turns: 3145, Time: 00:06:38

Health: -1/50      AC:  8    Str: 16    XL:     7   Next: 63%
Magic:  7/7        EV: 15    Int:  6    God:
Gold:   124        SH:  0    Dex: 17    Spells: 6/6 levels left

rFire    . . .     SeeInvis .   a - +0 rapier
rCold    . . .     Faith    .   (shield restricted)
rNeg     . . .     Spirit   .   m - +0 ring mail
rPois    +         Reflect  .   c - +0 helmet
rElec    .         Harm     .   o - +0 cloak
rCorr    +         Rampage  .   (no gloves)
Will     .....                  (no boots)
Stlth    +.........             t - amulet of regeneration
HPRegen  0.56/turn              i - ring of poison resistance
MPRegen  0.10/turn              s - ring of resist corrosion

@: slowed, very slow
A: small, mutation resistance 1
a: no special abilities


You were in an ossuary.
You visited 1 branch of the dungeon, and saw 5 of its levels.
You also visited: Ossuary.

You collected 124 gold pieces.

Inventory:

Hand Weapons
 a - a +0 rapier (weapon)
 b - a +1 dagger of venom
 n - a +2 dagger of draining
 v - a +2 vampiric short sword
Armour
 c - a +0 helmet (worn)
 m - a +0 ring mail (worn)
 o - a +0 cloak (worn)
Jewellery
 i - a ring of poison resistance (left hand)
 r - a cursed ring of teleportation {unknown}
 s - a ring of resist corrosion (right hand)
 t - an amulet of regeneration (around neck)
Wands
 j - a wand of paralysis (1)
Scrolls
 e - a scroll of identify
 f - 2 scrolls of remove curse
 l - 2 scrolls of immolation {unknown}
 q - a scroll of teleportation
 u - a scroll of enchant armour {unknown}
Potions
 k - 2 potions of resistance
 p - a potion of brilliance


   Skills:
 * Level 5.2 Fighting
 + Level 5.8 Short Blades
 - Level 2.0 Throwing
 + Level 3.9 Armour
 - Level 3.2 Dodging


You had 6 spell levels left.
You didn't know any spells.
Your spell library contained the following spells:

 Spells                   Type           Power        Failure   Level
 Corona                   Hex            0%           65%         1
 Ensorcelled Hibernation  Hex/Ice        0%           80%         2
 Confusing Touch          Hex            0%           95%         3
 Dazzling Flash           Conj/Hex       0%           95%         3
 Tukima's Dance           Hex            0%           95%         3


Dungeon Overview and Level Annotations

Branches:
Dungeon (5/15)            Ossuary (1/1)
 Temple: D:4-7

Altars:
Cheibriados

Annotations:
D:4 Eustachio
D:5 Edmund, Pikel


Innate Abilities, Weirdness & Mutations

You are small and have problems with some larger weapons.
You are somewhat resistant to further mutation.


Message History

The mummy is heavily damaged.
Okay, then.
You puncture the mummy!
You destroy the mummy!
The bog mummy completely misses you. The bog mummy hits you!
* * * LOW HITPOINT WARNING * * *
You hit the bog mummy but do no damage. You hit the bog mummy.
The bog mummy is lightly damaged.
The bog mummy points at you and mumbles some strange words.
You feel yourself slow down.
You hit the bog mummy.
The bog mummy is lightly damaged.
An adder zombie comes into view.
The mummy hits you.
* * * LOW HITPOINT WARNING * * *
The bog mummy casts a spell at you. The puff of frost hits you.
You die...

##### ##
#@MM#≈'.#
#.M.≈≈#
#∩..#≈Z.≈≈
##### #≈##
≈≈ #


You could see 2 mummies, a bog mummy and an adder zombie (wandering).

Vanquished Creatures
  An ogre (D:5)
  A lemure (D:4)
  A water moccasin zombie (Ossuary)
  A scorpion (D:3)
  A centaur zombie (Ossuary)
  Crazy Yiuf (D:3)
  Ijyb (D:3)
  2 bullfrog skeletons (D:5)
  A worker ant (D:5)
  A hound zombie (D:3)
  3 mummies (Ossuary)
  6 adders
  An ooze (D:3)
  2 worms
  2 dart slugs (D:1)
  3 leopard geckos (D:3)
  3 orcs (D:3)
  3 giant cockroaches
  5 goblins
  13 hobgoblins
  10 jackals
  3 quokkas
  9 bats
  5 frilled lizards
  6 kobolds
  A quokka skeleton (D:5)
  8 rats
94 creatures vanquished.

Vanquished Creatures (others)
  4 withered plants (Ossuary)
4 creatures vanquished.

Grand Total: 98 creatures vanquished

Notes
Turn   | Place    | Note
-------+----------+-------------------------------------------
     0 | D:1      | Borgoz the Halfling Gladiator began the quest for the Orb.
     0 | D:1      | Reached XP level 1. HP: 14/14 MP: 1/1
   343 | D:1      | Reached XP level 2. HP: 17/19 MP: 2/2
   683 | D:1      | Reached skill level 1 in Armour
   826 | D:2      | Reached XP level 3. HP: 25/25 MP: 3/3
   976 | D:2      | Found a snail-covered altar of Cheibriados.
  1032 | D:2      | Reached XP level 4. HP: 19/30 MP: 4/4
  1140 | D:2      | You fall into a shaft and drop 1 floor!
  1141 | D:3      | Noticed Ijyb
  1144 | D:3      | Paralysed by Ijyb for 6 turns
  1162 | D:3      | Paralysed by Ijyb for 6 turns
  1171 | D:3      | Killed Ijyb
  1587 | D:2      | Reached XP level 5. HP: 36/36 MP: 5/5
  2399 | D:3      | Reached XP level 6. HP: 43/43 MP: 6/6
  2421 | D:3      | Reached skill level 5 in Short Blades
  2727 | D:3      | Found a runed translucent door.
  2735 | D:3      | Noticed Crazy Yiuf
  2746 | D:3      | Killed Crazy Yiuf
  2867 | D:4      | Noticed Eustachio
  2881 | D:5      | Entered Level 5 of the Dungeon
  2884 | D:5      | Noticed a wyvern
  2885 | D:5      | Noticed Edmund
  2888 | D:5      | Noticed Pikel
  2927 | D:5      | Noticed a sky beast
  2936 | D:5      | Noticed an ogre
  2946 | D:5      | Killed an ogre
  2972 | D:5      | Reached XP level 7. HP: 27/49 MP: 7/7
  3053 | D:5      | Found a sand-covered staircase.
  3060 | Ossuary  | Entered an ossuary
  3120 | Ossuary  | Reached skill level 5 in Fighting
  3142 | Ossuary  | HP: 2/50 [bog mummy (12)]
  3145 | Ossuary  | Killed from afar by a bog mummy

Illustrated notes

Levels and vault maps discovered:
D:1:      sevenhm_arrival_forest_fort_large_4, layout_basic
D:2:      layout_loops_corners, cheibriados_altar_1
D:3:      minmay_chambers_of_threes, layout_loops_ring, uniq_ijyb,
          uniq_crazy_yiuf_cottage
D:4:      layout_loops_corners, kennysheep_crisscross, uniq_eustachio
D:5:      layout_rooms, enter_ossuary_3, uniq_pikel, uniq_edmund
Ossuary:  ossuary_zaba_flooded

Skill      XL: |  1  2  3  4  5  6  7 |
---------------+----------------------+-----
Fighting       | 2 3 4 5 |  5.2
Armour         | 1 2 3 |  3.9
Short Blades   | 4 5 |  5.8
Throwing       | |  2.0
Dodging        | |  3.2

Action                   |  1- 3 |  4- 6 |  7- 9 || total
-------------------------+-------+-------+-------++-------
Melee: Rapier            |    73 |    13 |    72 ||   158
       Dagger            |       |   235 |     3 ||   238
       Unarmed           |       |     4 |       ||     4
Throw: Throwing net      |       |     5 |     2 ||     7
  Use: Scroll            |     2 |     8 |       ||    10
       Potion            |       |     1 |     2 ||     3
 Stab: Held in net/web   |       |     4 |     1 ||     5
Armor: Leather armour    |     8 |       |       ||     8
       Ring mail         |     5 |    76 |    24 ||   105
Dodge: Dodged            |    49 |   203 |    80 ||   332
